 Dungeon Crawl Stone Soup version 0.26-a0-670-g578ab304f5 (webtiles) character file.

Game seed: 8743076861742756598

103705 Kinoniko the Warrior (level 16, -2/195 HPs)
             Began as an Ogre Berserker on Oct 19, 2020.
             Was the Champion of Trog.
             Slain by a mana viper (11 damage)
             ... on level 1 of the Snake Pit.
             The game lasted 00:50:31 (25696 turns).

Kinoniko the Warrior (Ogre Berserker)              Turns: 25696, Time: 00:50:31

Health: -2/195     AC: 15    Str: 38    XL:     16   Next: 36%
Magic:  0/21       EV: 13    Int: 10    God:    Trog [******]
Gold:   3227       SH:  5    Dex: 14    Spells: 15/15 levels left

rFire    . . .     SeeInvis +   J - +6 glaive "Kerchae" {flame, rElec Dex+6}
rCold    + . .     Faith    .   (shield currently unavailable)
rNeg     . . .     Spirit   +   H - +4 moon troll leather armour {Spirit, Regen++ MP+5}
rPois    .         Reflect  +   N - +2 hat
rElec    +         Harm     .   n - +2 cloak
rCorr    .         Rampage  .   (gloves unavailable)
MR       ++...                  (boots unavailable)
Stlth    +.........             Q - amulet of reflection
HPRegen  1.62/turn              M - ring of Satisfaction {rElec rC+ MR+ SInv}
MPRegen  0.17/turn              v - +6 ring of strength

@: no status effects
A: large, unfitting armour, clever 1, regeneration 1, strong 1, tough skin 1
a: Berserk, Trog's Hand, Brothers in Arms, Renounce Religion


You were on level 1 of the Snake Pit.
You worshipped Trog.
Trog was exalted by your worship.
You visited 4 branches of the dungeon, and saw 24 of its levels.
You also visited: Sewer, Ossuary, Ice Cave and Volcano.

You collected 3227 gold pieces.

Inventory:

Hand Weapons
 J - the +6 glaive "Kerchae" (weapon) {flame, rElec Dex+6}
   (Trog gifted it to you on level 10 of the Dungeon)

   It has been specially enchanted to burn those struck by it, causing extra
   injury to most foes and up to half again as much damage against particularly
   susceptible opponents.
   Big, fiery blades are also staple armaments of hydra-hunters.
   It affects your dexterity (+6).
   It insulates you from electricity.
 V - a +5 bardiche of flaming
 W - a +5 demon trident of flaming
Armour
 e - a +1 kite shield of protection
 n - a +2 cloak (worn)
 H - the +4 moon troll leather armour (worn) {Spirit, Regen++ MP+5}
   (You found it on level 8 of the Dungeon)

   It affects your magic capacity (+5).
   It increases your rate of regeneration.
 N - a +2 hat (worn)
Jewellery
 b - an uncursed ring of protection from magic
 i - an uncursed ring of magical power
 j - an uncursed ring of protection from cold
 v - a +6 ring of strength (right hand)
 I - an uncursed amulet of the acrobat
 K - an uncursed amulet of magic regeneration
 M - the ring of Satisfaction (left hand) {rElec rC+ MR+ SInv}
   (You found it on level 2 of the Lair of Beasts)

   [ring of see invisible]

   It protects you from cold.
   It insulates you from electricity.
   It affects your resistance to hostile enchantments.
   It lets you see invisible.
 O - a +6 ring of dexterity
 P - a +4 ring of protection
 Q - an amulet of reflection (around neck)
Wands
 s - a wand of digging (11)
 w - a wand of iceblast (5)
 y - a wand of acid (22)
 G - a wand of flame (23)
Scrolls
 c - 8 scrolls of remove curse
 k - 6 scrolls of magic mapping
 A - 4 scrolls of enchant armour
 C - 2 scrolls of fog
 U - 4 scrolls of teleportation
Potions
 a - 3 potions of invisibility
 g - 3 potions of berserk rage
 l - 14 potions of curing
 m - 5 potions of stabbing
 p - 7 potions of flight
 r - 2 potions of resistance
 t - 5 potions of haste
 u - 5 potions of cancellation
 x - a potion of might
 D - 3 potions of magic
 R - a potion of mutation
 T - a potion of ambrosia


   Skills:
 * Level 20.3 Fighting
 * Level 20.3 Polearms
 + Level 5.1 Armour
 + Level 6.4 Dodging


You had 15 spell levels left.
You didn't know any spells.
Your spell library contained the following spells:

 Spells                   Type           Power        Failure   Level
 Animate Skeleton         Necr           #.....       38%         1
 Beastly Appendage        Tmut           #.....       38%         1
 Foxfire                  Conj/Fire      #...         38%         1
 Magic Dart               Conj           #...         38%         1
 Pain                     Necr           #...         38%         1
 Sandblast                Erth           #.....       38%         1
 Shock                    Conj/Air       #...         38%         1
 Blink                    Tloc           N/A          52%         2
 Call Imp                 Summ           #.......     52%         2
 Passwall                 Tmut/Erth      #.......     52%         2
 Poisonous Vapours        Pois/Air       #.....       52%         2
 Searing Ray              Conj           #.....       52%         2
 Slow                     Hex            #.......     52%         2
 Swiftness                Air            #.......     52%         2
 Wereblood                Tmut           #.......     52%         2
 Conjure Flame            Conj/Fire      #.......     77%         3
 Dazzling Flash           Conj/Hex       #.....       77%         3
 Mephitic Cloud           Conj/Pois/Air  #.......     77%         3
 Spider Form              Tmut/Pois      #.........   77%         3
 Static Discharge         Conj/Air       #.......     77%         3
 Stone Arrow              Conj/Erth      #.....       77%         3
 Airstrike                Air            #.........   99%         4
 Dispel Undead            Necr           #.......     99%         4
 Fulminant Prism          Conj/Hex       #.........   99%         4
 Ice Form                 Ice/Tmut       #.......     99%         4
 Iskenderun's Mystic Bla  Conj/Tloc      #.......     99%         4
 Petrify                  Tmut/Erth      #.......     99%         4
 Blade Hands              Tmut           #.........   100%        5
 Bolt of Magma            Conj/Fire/Erth #.........   100%        5
 Borgnjor's Vile Clutch   Necr/Erth      #.........   100%        5
 Iskenderun's Battlesphe  Conj           #.......     100%        5
 Lee's Rapid Deconstruct  Erth           #.........   100%        5
 Lightning Bolt           Conj/Air       #.........   100%        5
 Eringya's Noxious Bog    Tmut/Pois      #.........   100%        6
 Freezing Cloud           Conj/Ice/Air   #.........   100%        6
 Tornado                  Air            #.........   100%        9


Dungeon Overview and Level Annotations

Branches:
Dungeon (15/15)            Temple (0/1) D:6            Lair (6/6) D:11
  Swamp (0/4) Lair:4        Snake (1/4) Lair:3        Slime (0/5) Lair:6
    Orc (2/2) D:11            Elf (0/3) Orc:2        Vaults (0/5) D:14
 Depths (0/5) D:15          Sewer (visited)         Ossuary (visited)
  IceCv (visited)         Volcano (visited)

Altars:
Elyvilon
Fedhas
Gozag
Hepliaklqana
Kikubaaqudgha
Makhleb
Okawaru
Ru
Sif Muna
Trog
Xom
Yredelemnul
The Shining One
Beogh
Jiyva

Shops:
D:4 [   D:12 *   Orc:1 !   Orc:2 ([(*(

Portals:
Abyss: Orc:1

Annotations:
Orc:1 2 transporters, Turbonekonecno's ghost, journeyman OpVM


Innate Abilities, Weirdness & Mutations

You are too large for most types of armour.
You have tough skin. (AC +1)
Your mind is acute. (Int +2)
Your natural rate of healing is unusually fast.
Your muscles are strong. (Str +2)


Message History

You feel your power leaking away.
You slice the mana viper!! You burn the mana viper!
The mana viper is almost dead.
You feel sick. The mana viper bites you!
* * * LOW HITPOINT WARNING * * *
The naga sharpshooter gestures wildly while chanting.
The naga sharpshooter magically shoots an arrow.
The arrow completely misses you.
You feel better.
The mana viper bites you but does no damage.
The mana viper bites you.
* * * LOW HITPOINT WARNING * * *
The naga sharpshooter gestures wildly while chanting.
The naga sharpshooter magically shoots an arrow.
The arrow hits you!
* * * LOW HITPOINT WARNING * * *
You feel better.
A naga sharpshooter comes into view. It is wielding a +0 flail.
The mana viper bites you!
You die...

##### #(..###
##.....#
######......#
####....S@.#.<.#
#!N...(.......##
...##(N........(..#
.(((().)(.N(..#####
....####).....# .
#).....##
.....#...#
....#.....#
....####..(..


You could see 2 naga sharpshooters, a mana viper and a naga.

Vanquished Creatures
  Gastronok (Lair:2)
  An orc warlord (Orc:2)
  An ironheart preserver (D:14)
  Snorg (D:13)
  An ogre mage (D:15)
  2 boulder beetles
  10 hydras
  3 centaur warriors
  A death knight (D:13)
  Erica (D:8)
  4 two-headed ogres
  4 catoblepae
  A tengu warrior (D:8)
  6 death yaks (Lair:6)
  3 naga sharpshooters (Snake:1)
  A shock serpent (Snake:1)
  Urug (Lair:6)
  4 skeletal warriors
  2 unseen horrors
  A lindwurm (Lair:5)
  A wizard (D:15)
  Pikel (D:7)
  An orc knight (Orc:2)
  3 deep elf magi (D:15)
  17 ugly things
  5 cyclopes
  3 manticores
  3 orc sorcerers
  2 oklob plants (Lair:3)
  Joseph (D:7)
  8 elephants
  7 black mambas
  3 ice statues (IceCv)
  A smoke demon (Volcano)
  12 cane toads
  3 gargoyles
  A kobold demonologist (D:14)
  11 komodo dragons
  2 freezing wraiths (D:13)
  7 rime drakes
  A red devil (Volcano)
  2 polar bears
  5 trolls
  2 wolf spider simulacra
  3 meliai (D:14)
  A tyrant leech (Lair:4)
  3 slime creatures (D:13)
  27 blink frogs
  A shadow (D:14)
  64 yaks
  A vampire (D:12)
  3 wyverns
  4 basilisks
  2 wraiths (D:13)
  Grum (D:11)
  4 vampire mosquitoes
  A steam dragon (D:14)
  A warg (Orc:1)
  A swamp worm (Lair:4)
  A naga (Snake:1)
  An acid dragon (D:15)
  24 water moccasins
  2 soldier ants
  3 hell hounds (Volcano)
  47 orc warriors
  4 black bears
  11 ice beasts
  4 sky beasts
  18 centaurs
  A phantom (D:7)
  20 wolves
  7 ogres
  3 lemures (D:7)
  31 bullfrogs
  4 big kobolds
  A wyvern zombie (D:14)
  Blork the orc (D:5)
  An earth elemental (D:12)
  5 scorpions
  A howler monkey (D:8)
  5 killer bees
  22 wights
  2 centaur zombies
  3 bullfrog zombies
  A quasit (D:11)
  A human zombie (Ossuary)
  12 orc priests
  4 centaur skeletons
  3 hounds
  4 jellies
  A bullfrog skeleton (D:11)
  6 iguanas
  Terence (D:2)
  Crazy Yiuf (D:2)
  Ijyb (D:3)
  14 orc wizards
  8 worker ants
  7 hell rats (Lair:4)
  A killer bee zombie (D:8)
  A hound zombie (D:5)
  A hound skeleton (D:4)
  3 mummies (Ossuary)
  A worker ant zombie (D:8)
  14 gnolls
  7 river rats (Sewer)
  23 adders
  3 shadow imps
  3 ufetubi
  2 adder skeletons
  5 adder zombies
  A worm (D:2)
  3 dart slugs
  2 leopard geckos
  92 orcs
  4 bats
  3 giant cockroaches
  4 goblins
  5 hobgoblins
  12 jackals
  31 kobolds
  5 quokkas
  8 ball pythons
  5 frilled lizards
  2 goblin zombies (Ossuary)
  A hobgoblin zombie (Ossuary)
  3 kobold zombies (Ossuary)
  3 leopard gecko skeletons
  3 quokka zombies (Ossuary)
  25 rats
  4 rat zombies (Ossuary)
  A plant (Lair:3)
835 creatures vanquished.

Vanquished Creatures (others)
  25 fungi
  29 plants
54 creatures vanquished.

Grand Total: 889 creatures vanquished

Notes
Turn   | Place    | Note
-------+----------+-------------------------------------------
     0 | D:1      | Kinoniko the Ogre Berserker began the quest for the Orb.
     0 | D:1      | Reached XP level 1. HP: 24/24 MP: 1/1
   368 | D:1      | Reached XP level 2. HP: 32/32 MP: 2/2
  1007 | D:1      | Reached ** piety under Trog
  1013 | D:1      | Reached XP level 3. HP: 39/39 MP: 3/3
  1292 | D:2      | Reached XP level 4. HP: 48/48 MP: 4/4
  1306 | D:2      | Found a runed translucent door.
  1307 | D:2      | Noticed Crazy Yiuf
  1802 | D:2      | Reached skill level 5 in Polearms
  1936 | D:2      | Noticed Terence
  1940 | D:2      | Killed Terence
  1940 | D:2      | Reached XP level 5. HP: 54/54 MP: 5/5
  2305 | D:2      | Killed Crazy Yiuf
  2551 | D:3      | Found a glowing drain.
  2560 | Sewer    | Entered a sewer
  2572 | Sewer    | Reached *** piety under Trog
  2749 | Sewer    | Reached XP level 6. HP: 62/62 MP: 6/6
  3308 | Sewer    | Reached XP level 7. HP: 70/70 MP: 7/7
  3311 | Sewer    | Reached **** piety under Trog
  3833 | D:3      | Noticed Ijyb
  3841 | D:3      | Killed Ijyb
  4068 | D:4      | Found an opulent altar of Gozag.
  4109 | D:4      | Found a basalt altar of Yredelemnul.
  4230 | D:4      | Found Wush's Armour Boutique.
  4724 | D:5      | Entered Level 5 of the Dungeon
  4724 | D:5      | Found a sacrificial altar of Ru.
  4724 | D:5      | Found an ancient bone altar of Kikubaaqudgha.
  4726 | D:5      | Found a shimmering blue altar of Sif Muna.
  4749 | D:5      | Found a sand-covered staircase.
  4764 | Ossuary  | Entered an ossuary
  5293 | D:5      | Found a hazy altar of Hepliaklqana.
  5305 | D:5      | Reached ***** piety under Trog
  5396 | D:5      | Noticed Blork the orc
  5403 | D:5      | Killed Blork the orc
  5403 | D:5      | Reached XP level 8. HP: 78/78 MP: 8/8
  5436 | D:5      | Got a sparkling golden ring
  5438 | D:5      | Identified the ring "Kyimpom" {*Tele Int+2} (You found it
                  | on level 5 of the Dungeon)
  6742 | D:6      | Reached skill level 10 in Polearms
  6847 | D:6      | Found a burning altar of Makhleb.
  7197 | D:6      | Found a staircase to the Ecumenical Temple.
  7938 | D:7      | Noticed Pikel
  7969 | D:7      | Killed Pikel
  7969 | D:7      | Reached XP level 9. HP: 84/84 MP: 9/9
  8032 | D:7      | Found Vites's Book Shoppe.
  8051 | D:7      | Noticed Joseph
  8058 | D:7      | Killed Joseph
  8623 | D:8      | Noticed a tengu warrior
  8632 | D:8      | Noticed a two-headed ogre
  8650 | D:8      | HP: 6/126 [tengu warrior/+0 war axe (8)]
  8650 | D:8      | HP: 1/126 [tengu warrior/+0 war axe (5)]
  8652 | D:8      | Killed a tengu warrior
  8652 | D:8      | Reached XP level 10. HP: 2/92 MP: 10/10
  8656 | D:8      | HP: 5/138 [adder (1)]
  8670 | D:8      | HP: 2/92 [ogre/cursed -3 giant club (22)]
  9090 | D:8      | Found the +4 moon troll leather armour {Spirit, Regen++
                  | MP+5}
  9103 | D:8      | Killed a two-headed ogre
  9549 | D:8      | Found a glowing silver altar of Zin.
  9551 | D:8      | Found an iron altar of Okawaru.
  9551 | D:8      | Found a shimmering altar of Xom.
  9590 | D:8      | Found an ancient bone altar of Kikubaaqudgha.
  9590 | D:8      | Found a shimmering altar of Xom.
  9590 | D:8      | Found an iron altar of Okawaru.
  9745 | D:8      | Noticed Erica
  9755 | D:8      | Killed Erica
  9755 | D:8      | Reached skill level 15 in Polearms
 10157 | D:9      | Found a blossoming altar of Fedhas.
 10215 | D:9      | Reached XP level 11. HP: 100/100 MP: 11/11
 10768 | D:10     | Entered Level 10 of the Dungeon
 10777 | D:10     | Reached skill level 5 in Fighting
 10922 | D:10     | Gained mutation: Your muscles are strong. (Str +2) [potion
                  | of mutation]
 10922 | D:10     | Gained mutation: Your mind is acute. (Int +2) [potion of
                  | mutation]
 10922 | D:10     | Gained mutation: Your natural rate of healing is unusually
                  | fast. [potion of mutation]
 11319 | D:10     | You fall into a shaft and drop 1 floor!
 11631 | D:10     | Received a gift from Trog
 11812 | D:10     | Killed an unseen horror
 11831 | D:10     | Got an encrusted glaive {god gift}
 11832 | D:10     | Identified the +6 glaive "Kerchae" {flame, rElec Dex+6}
                  | (Trog gifted it to you on level 10 of the Dungeon)
 12193 | D:11     | Found a staircase to the Orcish Mines.
 12320 | D:11     | Noticed a skeletal warrior
 12321 | D:11     | Noticed a skeletal warrior
 12327 | D:11     | Killed a skeletal warrior
 12327 | D:11     | Noticed a skeletal warrior
 12334 | D:11     | Killed a skeletal warrior
 12338 | D:11     | Killed a skeletal warrior
 12438 | D:11     | Killed an unseen horror
 12501 | D:11     | Noticed Grum
 12511 | D:11     | Killed Grum
 12572 | D:11     | Found a staircase to the Lair.
 12597 | D:11     | Noticed a two-headed ogre
 12603 | D:11     | Killed a two-headed ogre
 12603 | D:11     | Reached skill level 10 in Fighting
 12603 | D:11     | Reached XP level 12. HP: 126/126 MP: 12/12
 12794 | Lair:1   | Entered Level 1 of the Lair of Beasts
 13668 | Lair:2   | Got a transparent platinum ring
 13685 | Lair:2   | Noticed Gastronok
 13708 | Lair:2   | Killed Gastronok
 13728 | Lair:2   | Found a frozen archway.
 13772 | IceCv    | Entered an ice cave
 13954 | IceCv    | Reached XP level 13. HP: 144/144 MP: 13/13
 13972 | IceCv    | Identified the Catalogue of Combat Magic
 14066 | Lair:2   | Found a dark tunnel.
 14075 | Volcano  | Entered a volcano
 14352 | Lair:2   | Reached ****** piety under Trog
 14892 | Lair:2   | Identified the ring of Satisfaction {rElec rC+ MR+ SInv}
                  | (You found it on level 2 of the Lair of Beasts)
 14945 | Lair:3   | Received a gift from Trog
 15022 | Lair:3   | Found a white marble altar of Elyvilon.
 15298 | Lair:3   | Found a staircase to the Snake Pit.
 15360 | Lair:3   | Reached skill level 15 in Fighting
 16165 | Lair:4   | Reached XP level 14. HP: 161/161 MP: 11/14
 16600 | Lair:4   | Received a gift from Trog
 16659 | Lair:4   | Found a staircase to the Swamp.
 17884 | Lair:6   | Entered Level 6 of the Lair of Beasts
 18146 | Lair:6   | Received a gift from Trog
 18427 | Lair:6   | Found a staircase to the Slime Pits.
 18499 | Lair:6   | Found a viscous altar of Jiyva.
 18806 | Lair:6   | Reached XP level 15. HP: 176/176 MP: 15/15
 18812 | Lair:6   | Noticed Urug
 18821 | Lair:6   | Killed Urug
 19082 | Lair:6   | Identified the Almanac of Shifting Evil
 19718 | D:12     | Found Veguo's Pet Rocks.
 19798 | D:12     | Found a bloodstained altar of Trog.
 20384 | D:13     | Identified the Almanac of Doomed Air
 20579 | D:13     | Received a gift from Trog
 20815 | D:13     | Reached skill level 1 in Armour
 20842 | D:13     | Noticed Snorg
 20850 | D:13     | Killed Snorg
 21777 | D:14     | Found a glowing golden altar of the Shining One.
 21933 | D:14     | Found a gate to the Vaults.
 22192 | D:14     | Received a gift from Trog
 22678 | D:15     | Entered Level 15 of the Dungeon
 22874 | D:15     | Found a staircase to the Depths.
 22883 | D:15     | Reached skill level 5 in Dodging
 23083 | D:15     | Found a roughly hewn altar of Beogh.
 23099 | D:15     | Reached XP level 16. HP: 192/192 MP: 16/16
 23766 | Orc:1    | Entered Level 1 of the Orcish Mines
 23780 | Orc:1    | Received a gift from Trog
 24039 | Orc:1    | Found a transporter.
 24075 | Orc:1    | Found Wulea's Distillery.
 24227 | Orc:1    | Noticed Turbonekonecno's ghost (journeyman OpVM)
 24341 | Orc:1    | Found a transporter.
 24355 | Orc:1    | Found a one-way gate to the infinite horrors of the Abyss.
 24355 | Orc:1    | Identified the cursed +0 great mace "Rak Jupnipe" {distort,
                  | rPois Dex+2}
 24617 | Orc:2    | Entered Level 2 of the Orcish Mines
 24617 | Orc:2    | Found Kuqaesh's Antique Weapon Shop.
 24621 | Orc:2    | Found a bloodstained altar of Trog.
 25111 | Orc:2    | Found a staircase to the Elven Halls.
 25309 | Orc:2    | Reached skill level 5 in Armour
 25337 | Orc:2    | Found Vunti's Assorted Antiques.
 25337 | Orc:2    | Found Unoumiuco's Weapon Shop.
 25339 | Orc:2    | Found Xerghatt's Antique Armour Boutique.
 25341 | Orc:2    | Found Daumm's Weapon Emporium.
 25618 | Snake:1  | Entered Level 1 of the Snake Pit
 25676 | Snake:1  | Received a gift from Trog
 25695 | Snake:1  | HP: 2/195 [naga sharpshooter/arrow (17)]
 25696 | Snake:1  | Slain by a mana viper

Illustrated notes

Levels and vault maps discovered:
D:1:      dpeg_arrival_oval, layout_basic
D:2:      layout_loops_ring, uniq_terence, uniq_crazy_yiuf_cottage
D:3:      layout_rooms, portal_sewer_entry_d, interstate_on_off,
          wad_floor_pattern_1, uniq_ijyb
D:4:      layout_basic, old_standard_altar, serial_curves, eino_curves_02,
          eino_curves_02, serial_shops, kennysheep_mini_moat,
          grunt_gozag_breadcrumbs
D:5:      layout_layer_cave, overflow_temple_1_default,
          grunt_temple_overflow_open, nicolae_ossuary_entry_false_entrances,
          minmay_circle_x, uniq_blork_the_orc
D:6:      layout_loops_ring, minmay_temple_entry_statues_pillars, basic_altar
D:7:      layout_basic, serial_shops, shop, uniq_pikel, uniq_joseph
D:8:      minmay_the_grid_octo_triangle [minmay_the_grid_octo_odd_swirl,
          minmay_the_grid_octo_prize_ultimate_mussel_roller,
          minmay_the_grid_octo_77], layout_loops_ring, doesnt_xom_only_xom,
          uniq_erica
D:9:      layout_big_octagon, fedhas_altar_1, nrook_uturn, dk_vineyard_3
D:10:     layout_roguey, kennysheep_generic_room_15
D:11:     layout_rooms, lair_entry_dummy, orc_0_dummy, serial_glass,
          glass_columns_a, glass_columns_a, uniq_grum
D:12:     layout_irregular_city, basic_altar, guppyfry_shop_earth
D:13:     layout_grid_maze, uniq_snorg
D:14:     layout_loops_ring, skrybe_vaults_entry_preservation,
          nicolae_tso_swordbearing_angel, grunt_decor_clamped
D:15:     grunt_enter_depths_magical_seal, layout_basic, special_room
          [special_room_orc], minmay_misc_feat_more_columns
Lair:1:   layout_regular_city, cheibrodos_lair_caveside_slide,
          beast_lair_carwin_10
Lair:2:   layout_long_grid, portal_ice_cave_rime, nicolae_volcano_entry_hallway,
          minivault_24, lemuel_fruit_fields, lemuel_fruit_fields, uniq_gastronok
Lair:3:   layout_regular_city, minmay_snake_entry_six_corridors, basic_altar,
          grunt_megastairs_2, minmay_lair_oklob_chamber
Lair:4:   layout_regular_city, palyth_hydra_swamp_entry, grunt_megastairs_4,
          lemuel_fruit_tree
Lair:5:   layout_regular_city, chequers_serial_rivers_marsh,
          serial_bayou_shore_b, grunt_megastairs_3
Lair:6:   evilmike_catoblepas_cave, layout_loops_ring, slime_altar_1,
          st_stairs_7, uniq_urug
Snake:1:  layout_misc_corridors
Orc:1:    layout_caves, gammafunk_ghost_abyssal_escape, serial_shops,
          nicolae_shop_crystal
Orc:2:    st_orc_rangers, layout_caves, serial_shops, nicolae_shop_crystal,
          basic_altar

Skill      XL: |  1  2  3  4  5  6  7  8  9 10 11 12 13 14 15 16 |
---------------+-------------------------------------------------+-----
Polearms       | 4 5 6 7 9 12 13 15 16 17 18 19 20 | 20.3
Fighting       | 10 13 15 18 19 20 | 20.3
Dodging        | 5 6 |  6.4
Armour         | 3 5 |  5.1

Action                   |  1- 3 |  4- 6 |  7- 9 | 10-12 | 13-15 | 16-18 || total
-------------------------+-------+-------+-------+-------+-------+-------++-------
Melee: Spear             |    66 |       |       |       |       |       ||    66
       Halberd           |    10 |   204 |   310 |   248 |       |       ||   772
       Glaive            |       |       |       |   234 |   900 |   224 ||  1358
       Bardiche          |       |       |       |       |       |    12 ||    12
Invok: Berserk           |     3 |    14 |    15 |    26 |    17 |     5 ||    80
       Trog's Hand       |       |       |     2 |     2 |       |       ||     4
  Use: Scroll            |       |    10 |     9 |    11 |    17 |     7 ||    54
       Potion            |       |       |       |    18 |     1 |     3 ||    22
 Stab: Distracted        |       |       |       |       |     1 |       ||     1
       Petrified         |       |       |       |       |     1 |       ||     1
Armor: Animal skin       |    11 |    50 |    47 |       |       |       ||   108
       Robe              |       |       |    20 |    19 |       |       ||    39
       Troll leather arm |       |       |       |   168 |   202 |    33 ||   403
Dodge: Dodged            |    22 |   106 |   114 |   252 |   227 |    71 ||   792
Block: Other             |       |       |       |       |    60 |    35 ||    95
       Reflection        |       |       |       |       |     5 |    23 ||    28

Table legend: (Time is in decaauts)
 A = Elapsed time spent in this place.
 B = Non-inter-level travel time spent in this place.
 C = Inter-level travel time spent in this place.
 D = Time resting spent in this place.
 E = Time spent auto-exploring this place.
 F = Levels seen in this place.
 G = Mean time per level.
                   A        B        C        D        E       F      G
               +--------+--------+--------+--------+--------+-----+--------+
         Total |  26011 |  24413 |   1598 |   7077 |  13278 |  28 |  929.0 |
       Dungeon |  15730 |  14955 |    775 |   4709 |   8156 |  15 | 1048.7 |
          Lair |   6437 |   5687 |    750 |   1128 |   3544 |   6 | 1072.8 |
     Snake Pit |     42 |     42 |      0 |      0 |      0 |   1 |   42.0 |
  Orcish Mines |   1720 |   1649 |     71 |    318 |   1068 |   2 |  860.0 |
         Sewer |   1132 |   1132 |      0 |    525 |    418 |   1 | 1132.0 |
       Ossuary |    464 |    464 |      0 |    245 |     60 |   1 |  464.0 |
      Ice Cave |    273 |    273 |      0 |     78 |      0 |   1 |  273.0 |
       Volcano |    210 |    210 |      0 |     72 |     32 |   1 |  210.0 |
               +--------+--------+--------+--------+--------+-----+--------+

Top non-repeatable levels by time:
  Lair:6: 1647 daAuts
     D:5: 1552 daAuts
     D:8: 1452 daAuts
    D:10: 1367 daAuts
     D:2: 1260 daAuts
     D:7: 1237 daAuts
     D:1: 1206 daAuts
    D:14: 1174 daAuts
  Lair:4: 1152 daAuts
    D:13: 1133 daAuts
   Sewer: 1132 daAuts
  Lair:3: 1089 daAuts
    D:15: 1000 daAuts
  Lair:1: 903 daAuts
   Orc:2: 867 daAuts
